 Dungeon Crawl Stone Soup version 0.27-a0-396-g03f4e8edb7 (webtiles) character file.

Game seed: 17845137353211865688

7091 CryoSword the Spear-Bearer (level 10, 0/94 HPs)
             Began as a Minotaur Monk on Feb 21, 2021.
             Was a High Priest of the Shining One.
             Shot with an arrow by a centaur warrior (17 damage)
             ... on level 7 of the Dungeon.
             The game lasted 00:16:12 (9648 turns).

CryoSword the Spear-Bearer (Minotaur Monk)          Turns: 9648, Time: 00:16:12

Health: 0/94       AC:  6    Str: 18    XL:     10   Next: 84%
Magic:  7/9        EV: 21    Int:  7    God:    the Shining One [*****.]
Gold:   567        SH:  6    Dex: 14    Spells: 9/9 levels left

rFire    . . .     SeeInvis .   w - +2 spear (venom)
rCold    . . .     Faith    .   (no shield)
rNeg     + + .     Spirit   .   A - +2 leather armour {rPois}
rPois    +         Reflect  .   (helmet restricted)
rElec    .         Harm     .   D - +0 cloak
rCorr    .         Rampage  .   (no gloves)
Will     .....                  (no boots)
Stlth    +.........             (no amulet)
HPRegen  0.25/turn              u - +4 ring of evasion
MPRegen  0.11/turn              n - +4 ring of slaying {=R}

@: divine shield, glowing
A: retaliatory headbutt, horns 2
a: Renounce Religion, Divine Shield, Cleansing Flame, Summon Divine Warrior


You were on level 7 of the Dungeon.
You worshipped the Shining One.
The Shining One was extremely pleased with you.
You visited 2 branches of the dungeon, and saw 11 of its levels.
You also visited: Ossuary.

You collected 567 gold pieces.

Inventory:

Hand Weapons
 a - a +0 halberd
   (You took it off a gnoll on level 5 of the Dungeon)
 w - a +2 spear of venom (weapon)
   (You took it off a gnoll on level 5 of the Dungeon)
Missiles
 g - 46 poisoned darts (quivered)
 j - a throwing net
 o - 7 boomerangs
Armour
 A - a +2 leather armour of poison resistance (worn)
   (You found it on level 5 of the Dungeon)
 D - a +0 cloak (worn)
   (You took it off Crazy Yiuf on level 6 of the Dungeon)
Jewellery
 n - a +4 ring of slaying (right hand) {=R}
   (You found it on level 3 of the Dungeon)
 p - a ring of protection from cold
   (You found it on level 2 of the Dungeon)
 u - a +4 ring of evasion (left hand)
   (You found it on level 5 of the Dungeon)
Wands
 x - a wand of iceblast (8)
   (You found it on level 5 of the Dungeon)
Scrolls
 e - 3 scrolls of enchant weapon
 f - a scroll of fear {unknown}
 k - 8 scrolls of teleportation {@r4}
 m - 3 scrolls of amnesia
 t - 2 scrolls of immolation {!r}
 y - 2 scrolls of magic mapping
 B - 3 scrolls of enchant armour {unknown}
 G - 2 scrolls of fog
Potions
 b - 2 potions of attraction {!q}
 c - 4 potions of brilliance
 d - a potion of heal wounds {@q2}
 h - 4 potions of berserk rage
 i - 8 potions of curing {@q1}
 q - a potion of flight
 r - 2 potions of cancellation
 z - 4 potions of mutation {!q}
 C - 2 potions of lignification {!q}
 H - a potion of haste {@q3}
 I - a potion of ambrosia


   Skills:
 + Level 10.6 Fighting
 * Level 14.0 Polearms
 + Level 9.7 Dodging
 - Level 1.5 Stealth


You had 9 spell levels left.
You didn't know any spells.
Your spell library was empty.

Dungeon Overview and Level Annotations

Branches:
Dungeon (10/15)            Temple (1/1) D:5            Lair (0/6) D:10
Ossuary (visited)
    Orc: D:9-12

Altars:
Ashenzari
Cheibriados
Elyvilon
Fedhas
Hepliaklqana
Kikubaaqudgha
Nemelex Xobeh
Okawaru
Ru
Trog
Vehumet
Yredelemnul
Zin
The Shining One


Innate Abilities, Weirdness & Mutations

You reflexively headbutt those who attack you in melee.
You have a pair of horns on your head.


Message History

A yak comes into view.
The yak bellows!
You hear a bellow!
A death yak comes into view.
The yak moves out of view.
Unknown command.
The death yak bellows!
You hear a bellow!
There is a stone staircase leading up here.
You climb upwards.
There is a stone staircase leading down, spattered with blood here.
There is an open door, spattered with blood here.
Items here: ( )) [ ÷.
There is an escape hatch in the floor here.
Items here: ( )) [ ÷.
There is a stone staircase leading up here.
You climb upwards.
There is a stone staircase leading down here.
There is a stone staircase leading up here.
You climb upwards.
A quokka comes into view.
Found 13 gold pieces.
There is a stone staircase leading down here.
You reach to attack!
You hit the quokka.
The quokka is poisoned.
You puncture the quokka!
You kill the quokka!
No target in view!
No target in view!
You now have 567 gold pieces (gained 13).
Could not explore, unopened door.
Could not explore, unopened door.
You open the door.
An orc warrior comes into view. It is wielding a +0 halberd.
The orc warrior shouts!
An orc warrior is nearby!
An orc warrior is nearby!
The orc warrior barely misses you.
There is an open door here.
You reach to attack!
You puncture the orc warrior!
The orc warrior is poisoned.
The orc warrior hits you from afar with a +0 halberd!
You reach to attack!
You puncture the orc warrior!
You reach to attack!
You hit the orc warrior.
The orc warrior looks as sick as possible!
You reach to attack!
You puncture the orc warrior!
You kill the orc warrior!
No target in view!
Things that are here:
a +0 halberd; a +0 chain mail; an orc corpse Could not explore, unopened door.
You open the door.
There is an open door here.
B - 3 scrolls labelled ENUOWAHUGU (gained 1) Could not explore, unopened door.
Could not explore, unopened door.
You open the door.
Found a scroll of enchant weapon.
A jelly comes into view.
There is an open door here.
A jelly is nearby!
A jelly is nearby!
Found a scroll of immolation.
You puncture the jelly!
Your hands burn!
The jelly misses you. You furiously retaliate!
You headbutt the jelly.
You kill the jelly!
No target in view!
No target in view!
e - 3 scrolls of enchant weapon (gained 1)
t - 2 scrolls of immolation {!r} (gained 1) Could not explore, unopened door.
Could not explore, unopened door.
As you open the door, it creaks loudly!
An ogre and a zombie come into view.
You hear an angry hiss.
You hear an angry buzzing noise.
You hear a shout! x2
You hear a roar!
An orc priest comes into view. It is wielding a +0 short sword.
You can now summon a divine warrior.
Found 6 gold pieces.
A leopard gecko, a slime creature, a killer bee, a centaur warrior, a troll, a phantom and a howler monkey come into view.
The centaur warrior shouts!
The killer bee buzzes angrily.
The troll shouts!
The howler monkey howls!
The slime creature quivers.
The centaur warrior wields a +0 shortbow.
The centaur warrior shoots an arrow.
The arrow closely misses you.
A seven-headed hydra comes into view.
There is an open door here.
You puncture the howler monkey! The howler monkey hits you.
You hit the howler monkey.
The howler monkey is poisoned.
You puncture the howler monkey!
You kill the howler monkey!
The bullfrog zombie closely misses you.
You puncture the bullfrog zombie! You headbutt the bullfrog zombie.
You hit the bullfrog zombie. You headbutt the bullfrog zombie.
The bullfrog zombie misses you. You furiously retaliate!
You headbutt the bullfrog zombie!
You destroy the bullfrog zombie!
The Shining One accepts your kill. The killer bee misses you.
You hit the killer bee.
The killer bee is poisoned.
The killer bee closely misses you.
You hit the killer bee.
The killer bee looks as sick as possible!
The killer bee closely misses you. You furiously retaliate!
You headbutt the killer bee!
You kill the killer bee!
Your Polearms skill increases to level 14!
You hit the leopard gecko.
The leopard gecko is poisoned.
The leopard gecko completely misses you.
The orc priest calls down the wrath of Beogh upon you.
Beogh smites you!
Reach: w) +2 spear (venom)
Aim: a centaur warrior, wielding a +0 shortbow and quivering arrows (haloed, about 9% to evade your +2 spear of venom)
You reach to attack!
You hit the centaur warrior but do no damage.
The centaur warrior is poisoned.
The leopard gecko misses you. You furiously retaliate!
You headbutt the leopard gecko.
You kill the leopard gecko!
Reach: w) +2 spear (venom)
Aim: a centaur warrior, wielding a +0 shortbow and quivering arrows (very poisoned, haloed, about 9% to evade your +2 spear of venom)
You reach to attack!
You hit the centaur warrior but do no damage.
The centaur warrior looks as sick as possible!
The troll bites you! The troll completely misses you.
The troll claws you but does no damage.
Reach: w) +2 spear (venom)
Aim: a centaur warrior, wielding a +0 shortbow and quivering arrows (lightly wounded, extremely poisoned, haloed, about 9% to evade your +2 spear of venom)
You reach to attack!
You puncture the centaur warrior!
The centaur warrior looks as sick as possible!
Reach: w) +2 spear (venom)
Aim: a centaur warrior, wielding a +0 shortbow and quivering arrows (lightly wounded, extremely poisoned, haloed, about 9% to evade your +2 spear of venom)
The ogre is in the way.
You puncture the ogre! You headbutt the ogre! The troll closely misses you.
The troll claws you. x2
The ogre hits you with a +0 giant spiked club!
* * * LOW HITPOINT WARNING * * *
Reach: w) +2 spear (venom)
Aim: a centaur warrior, wielding a +0 shortbow and quivering arrows (lightly wounded, extremely poisoned, haloed, about 9% to evade your +2 spear of venom)
You reach to attack!
You hit the centaur warrior.
The centaur warrior looks as sick as possible!
The orc priest looks braver for a moment.
A divine shield forms around you! You block the troll's attack. x2
The troll claws you!
* * * LOW HITPOINT WARNING * * *
The ogre misses you. You furiously retaliate!
You headbutt the ogre!
The orc priest mumbles some strange prayers to Beogh against you.
Beogh smites you!
* * * LOW HITPOINT WARNING * * *
The troll completely misses you. You furiously retaliate!
You headbutt the troll! The troll misses you. The troll completely misses you.
The centaur warrior shoots an arrow.
The arrow hits you!
* * * LOW HITPOINT WARNING * * *
The centaur warrior shoots an arrow.
The arrow misses you.
The centaur warrior shoots an arrow.
The arrow hits you!
You die...

#....'.)..# ........#...#..
#....#....# .....o..#...#..
#....#....# .....JOW#...#.P
#>†..#....# .....c†D#...#†P
#########'##############'###.#.)
#........8#......JO.# #.#..
#.........#.....W...# #.##.
#.........#...cD....# #.###
#8........@..T......###.#..
#####################...#..
####.#.... #....#.##. #.#..#.##.
#.#....##. #....####. ###### ##


You could see a seven-headed hydra, a slime creature, a centaur warrior (very
poisoned), a troll and a phantom.

Vanquished Creatures
  Snorg (D:9)
  2 two-headed ogres (D:8)
  Pikel (D:8)
  Joseph (D:9)
  Sigmund (D:6)
  4 yaks (D:9)
  3 orc warriors
  2 ice beasts
  A sky beast (D:8)
  3 ogres
  3 necrophages (D:7)
  A centaur (D:8)
  5 bullfrogs
  3 kobold brigands (D:5)
  2 wyvern zombies
  A killer bee (D:7)
  2 howler monkeys
  5 bullfrog zombies
  2 centaur zombies
  2 jellies
  2 hounds
  Crazy Yiuf (D:6)
  An orc priest (D:9)
  3 bullfrog skeletons
  A centaur skeleton (D:8)
  2 iguanas (D:5)
  5 orc wizards
  4 worker ants
  A killer bee zombie (D:7)
  4 hound zombies
  10 mummies (Ossuary)
  2 worker ant zombies (Ossuary)
  A howler monkey zombie (Ossuary)
  15 gnolls
  A howler monkey skeleton (D:4)
  11 adders
  3 river rats (D:10)
  A shadow imp (D:4)
  A white imp (D:6)
  3 ufetubi
  An ooze (D:4)
  4 adder zombies
  An adder skeleton (D:4)
  A worm (D:2)
  4 dart slugs
  6 leopard geckos
  28 orcs
  3 bats (D:1)
  4 giant cockroaches
  5 goblins
  10 hobgoblins
  10 jackals
  48 kobolds
  2 quokkas
  A ball python (D:2)
  4 frilled lizards
  A giant cockroach zombie (D:5)
  A quokka skeleton (D:4)
  3 quokka zombies
  8 rats
  A spectral orc (D:5)
  A bush (D:7)
264 creatures vanquished.

Vanquished Creatures (others)
  9 plants (D:7)
  14 withered plants (Ossuary)
23 creatures vanquished.

Grand Total: 287 creatures vanquished

Notes
Turn   | Place    | Note
-------+----------+-------------------------------------------
     0 | D:1      | CryoSword the Minotaur Monk began the quest for the Orb.
     0 | D:1      | Reached XP level 1. HP: 19/19 MP: 0/0
   109 | D:1      | Reached skill level 4 in Polearms
   113 | D:1      | Reached XP level 2. HP: 7/27 MP: 1/1
   642 | D:1      | Reached XP level 3. HP: 32/33 MP: 2/2
  1053 | D:2      | You fall into a shaft and drop 1 floor!
  1214 | D:2      | Reached skill level 5 in Polearms
  1214 | D:2      | Reached XP level 4. HP: 16/41 MP: 3/3
  2592 | D:3      | Found a sparkling altar of Nemelex Xobeh.
  3011 | D:3      | Reached XP level 5. HP: 30/47 MP: 4/4
  3493 | D:4      | Reached skill level 6 in Polearms
  3530 | D:4      | Reached skill level 5 in Fighting
  3780 | D:4      | Reached XP level 6. HP: 52/56 MP: 5/5
  4268 | D:5      | Entered Level 5 of the Dungeon
  4579 | D:5      | Reached skill level 7 in Polearms
  4579 | D:5      | Reached skill level 5 in Dodging
  4743 | D:5      | Reached XP level 7. HP: 59/62 MP: 6/6
  5163 | D:5      | Found a staircase to the Ecumenical Temple.
  5168 | Temple   | Entered the Ecumenical Temple
  5174 | Temple   | Became a worshipper of the Shining One
  5174 | Temple   | Reached * piety under the Shining One
  5174 | Temple   | Reached ** piety under the Shining One
  5211 | D:5      | Found a basalt altar of Yredelemnul.
  5411 | D:5      | Found a radiant altar of Vehumet.
  5604 | D:5      | Reached skill level 8 in Polearms
  6493 | D:6      | Reached XP level 8. HP: 69/71 MP: 7/7
  6511 | D:6      | Found a sacrificial altar of Ru.
  6541 | D:6      | Noticed Sigmund
  6550 | D:6      | Killed Sigmund
  6551 | D:6      | Reached skill level 9 in Polearms
  6844 | D:6      | Found a runed translucent door.
  6845 | D:6      | Noticed Crazy Yiuf
  6852 | D:6      | Killed Crazy Yiuf
  6919 | D:7      | Found a blossoming altar of Fedhas.
  7364 | D:7      | Reached *** piety under the Shining One
  7425 | D:7      | Reached skill level 10 in Polearms
  7503 | D:8      | Noticed Pikel
  7516 | D:8      | Killed Pikel
  7517 | D:8      | Reached XP level 9. HP: 61/81 MP: 4/8
  7647 | D:8      | Noticed a two-headed ogre
  7661 | D:8      | Killed a two-headed ogre
  7662 | D:8      | Reached skill level 11 in Polearms
  7777 | D:8      | Noticed a two-headed ogre
  7801 | D:8      | Killed a two-headed ogre
  7802 | D:8      | Reached skill level 12 in Polearms
  7802 | D:8      | Reached XP level 10. HP: 14/91 MP: 9/9
  7828 | D:8      | Found a sand-covered staircase.
  7837 | Ossuary  | Entered an ossuary
  8111 | Ossuary  | Reached **** piety under the Shining One
  8518 | D:8      | Found a white marble altar of Elyvilon.
  8842 | D:9      | Reached skill level 13 in Polearms
  9001 | D:10     | Entered Level 10 of the Dungeon
  9177 | D:9      | Noticed Joseph
  9186 | D:9      | Killed Joseph
  9187 | D:9      | Reached skill level 10 in Fighting
  9252 | D:10     | Noticed Snorg
  9252 | D:10     | Reached ***** piety under the Shining One
  9263 | D:9      | Killed Snorg
  9418 | D:10     | Found a staircase to the Lair.
  9420 | D:10     | Noticed a death yak
  9421 | D:10     | Noticed a death yak
  9422 | D:10     | Noticed a death yak
  9625 | D:7      | Noticed a centaur warrior
  9625 | D:7      | Noticed a seven-headed hydra
  9633 | D:7      | Reached skill level 14 in Polearms
  9648 | D:7      | Shot with an arrow by a centaur warrior

Illustrated notes

Levels and vault maps discovered:
D:1:      dpeg_arrival_long_road, layout_rooms
D:2:      layout_rooms, due_unseen_surprise
D:3:      layout_basic, lemuel_round_altar
D:4:      layout_cave_pods
D:5:      minmay_goblin_kobold_castle, layout_basic,
          yredelemnul_forgotten_temple_becter, kennysheep_mini_moat,
          temple_doors_e, nrook_mini_vaults, minmay_misc_feat_chi
D:6:      layout_loops_ring, basic_altar, uniq_sigmund, uniq_crazy_yiuf_cottage
D:7:      minmay_klotski, layout_basic, fedhas_altar_decomposition
D:8:      layout_basic, enter_ossuary_3, elyvilon_altar_1, uniq_pikel
D:9:      layout_basic, uniq_joseph
D:10:     layout_small_grid, dpeg_lair_monsters, erik_orc_2, kennysheep_diamond,
          kennysheep_generic_room_14, uniq_snorg
Temple:   eino_narrow_crystal_temple

Skill      XL: |  1  2  3  4  5  6  7  8  9 10 |
---------------+-------------------------------+-----
Polearms       | 4 5 6 7 8 10 12 14 | 14.0
Fighting       | 4 5 6 8 9 10 | 10.6
Dodging        | 4 5 6 7 8 9 |  9.7
Stealth        | |  1.5

Action                   |  1- 3 |  4- 6 |  7- 9 | 10-12 || total
-------------------------+-------+-------+-------+-------++-------
Melee: Whip              |    99 |    48 |       |       ||   147
       Headbutt          |    15 |    30 |    34 |    37 ||   116
       Spear             |     2 |   105 |   231 |   128 ||   466
       Trident           |       |    67 |       |       ||    67
       Halberd           |       |    11 |    37 |    58 ||   106
Throw: Dart              |       |       |     7 |       ||     7
Invok: Divine Shield     |       |       |     3 |     3 ||     6
  Use: Scroll            |       |     5 |       |    16 ||    21
 Stab: Sleeping          |     2 |     1 |     1 |       ||     4
Armor: Robe              |     3 |       |       |       ||     3
       Ring mail         |    31 |    38 |    14 |       ||    83
       Leather armour    |       |       |     9 |    11 ||    20
Dodge: Dodged            |    62 |   112 |   132 |    91 ||   397
Block: Other             |       |       |     4 |     3 ||     7

Table legend: (Time is in decaauts)
 A = Elapsed time spent in this place.
 B = Non-inter-level travel time spent in this place.
 C = Inter-level travel time spent in this place.
 D = Time resting spent in this place.
 E = Time spent auto-exploring this place.
 F = Levels seen in this place.
 G = Mean time per level.
                   A        B        C        D        E       F      G
               +--------+--------+--------+--------+--------+-----+--------+
         Total |   9525 |   8999 |    526 |   1542 |   5816 |  12 |  793.8 |
       Dungeon |   9006 |   8480 |    526 |   1325 |   5653 |  10 |  900.6 |
        Temple |     12 |     12 |      0 |      0 |      0 |   1 |   12.0 |
       Ossuary |    506 |    506 |      0 |    217 |    162 |   1 |  506.0 |
               +--------+--------+--------+--------+--------+-----+--------+

Top non-repeatable levels by time:
     D:5: 1765 daAuts
     D:3: 1333 daAuts
     D:4: 1234 daAuts
     D:2: 1022 daAuts
     D:1: 847 daAuts
     D:8: 799 daAuts
     D:7: 709 daAuts
     D:6: 648 daAuts
     D:9: 595 daAuts
 Ossuary: 506 daAuts
    D:10: 49 daAuts
  Temple: 12 daAuts
